 Dungeon Crawl Stone Soup version 0.18-a0-946-g3ac5b32 (webtiles) character file.

37 Proton the Shield-Bearer (level 3, -1/29 HPs)
             Began as a Formicid Fighter on Dec 29, 2015.
             Slain by a goblin (2 damage)
             ... on level 2 of the Dungeon.
             The game lasted 00:01:35 (930 turns).

Proton the Shield-Bearer (Formicid Fighter)          Turns: 930, Time: 00:01:35

Health: -1/29      AC:  7    Str: 21    XL:     3   Next: 62%
Magic:  3/3        EV: 11    Int:  7    God:
Gold:   59         SH:  9    Dex: 10    Spells: 0 memorised, 2 levels left

rFire  . . .     SeeInvis +     a - +0 long sword
rCold  . . .     Gourm    .     b - +0 scale mail
rNeg   . . .     Faith    .     c - +0 shield
rPois  .         Spirit   .     (helmet unavailable)
rElec  .         Dismiss  .     (no cloak)
rCorr  .         Reflect  .     (no gloves)
SustAt .         Harm     .     (no boots)
MR     .....                    o - amulet of rage
Stlth  ..........               (no ring)
                                k - +3 ring of evasion

@: not resistant to hostile enchantments, extremely unstealthy
A: permanent stasis, dig shafts and tunnels, four strong arms, antennae 3
a: Dig, Shaft Self


You were on level 2 of the Dungeon.
You were not hungry.

You visited 1 branch of the dungeon, and saw 2 of its levels.

You collected 59 gold pieces.

Inventory:

Hand Weapons
 a - a +0 long sword (weapon)
Armour
 b - a +0 scale mail (worn)
 c - a +0 shield (worn)
Jewellery
 k - a +3 ring of evasion (left hand)
 o - an amulet of rage (around neck)
Scrolls
 j - a scroll of recharging {unknown}
 l - a scroll of enchant weapon {unknown}
 m - a scroll of fog {unknown}
Potions
 d - a potion of might
 h - a potion of brilliance {unknown}
 i - a potion of curing {unknown}
Comestibles
 f - 2 bread rations
 g - a beef jerky
 n - a meat ration


   Skills:
 + Level 3.6 Fighting
 * Level 2.3 Long Blades
 + Level 3.7 Armour
 + Level 1.0 Dodging
 + Level 3.8 Shields


You had 2 spell levels left.
You didn't know any spells.

Dungeon Overview and Level Annotations

Branches:
Dungeon (2/15)

Altars:
Elyvilon
Kikubaaqudgha
Sif Muna
Trog


Innate Abilities, Weirdness & Mutations

You are under a permanent stasis effect.
You can dig through walls and to a lower floor.
Your four strong arms can wield two-handed weapons with a shield.
You have a pair of large antennae on your head (SInv).


Message History

You block the giant newt's attack. The goblin misses you.
The kobold hits you with a short sword.
* * * LOW HITPOINT WARNING * * *
You block the giant newt's attack. You block the goblin's attack.
The kobold hits you but does no damage. The giant newt closely misses you.
You block the goblin's attack. The kobold barely misses you.
You block the giant newt's attack. The goblin hits you but does no damage.
The kobold hits you but does no damage. You block the giant newt's attack.
The goblin hits you but does no damage. You block the kobold's attack.
The giant newt barely misses you. You block the goblin's attack.
The kobold barely misses you. You block the giant newt's attack.
The goblin hits you but does no damage. The kobold barely misses you.
You block the giant newt's attack. You block the goblin's attack.
The kobold hits you with a short sword.
* * * LOW HITPOINT WARNING * * *
You block the giant newt's attack. The goblin hits you.
You die...

..............
..............
.....%....#..
........>...##
.........?#..#
#...<........
.......K..##.##
.......@.......
.?....g.l###.##
.........#.....
...........#. #.......####.
.##........##.
##...........#####..#.
........#....## ##.#.#
..............#####.#<#####
#


You could see a goblin, a kobold and a giant newt.

Vanquished Creatures
  An adder (D:2)
  A worm (D:2)
  A giant gecko (D:1)
  A ball python (D:1)
  3 bats
  2 giant cockroaches (D:1)
  2 goblins (D:1)
  2 hobgoblins
  A giant newt (D:1)
  5 kobolds
  5 rats
24 creatures vanquished.

Notes
Turn   | Place    | Note
--------------------------------------------------------------
     0 | D:1      | Proton the Formicid Fighter began the quest for the Orb.
     0 | D:1      | Reached XP level 1. HP: 18/18 MP: 1/1
   100 | D:1      | Reached XP level 2. HP: 14/24 MP: 2/2
   777 | D:2      | Found a bloodstained altar of Trog.
   777 | D:2      | Found a deep blue altar of Sif Muna.
   794 | D:2      | Reached XP level 3. HP: 29/29 MP: 3/3
   798 | D:2      | Reached skill level 1 in Dodging
   821 | D:2      | Found an ancient bone altar of Kikubaaqudgha.
   825 | D:2      | Found a white marble altar of Elyvilon.
   922 | D:2      | HP: 1/29 [kobold/short sword (2)]
   929 | D:2      | HP: 1/29 [kobold/short sword (1)]
   930 | D:2      | Slain by a goblin

Vault maps used:
D:1:      shiori_arrival_maze, roderic_hopi_sauvastika, kennysheep_nondescript
D:2:      grunt_temple_overflow_open, first_bread, nicolae_ru_path_of_blood

Action                   || total
-------------------------++-------
Melee: Long sword        ||    96
  Use: Potion            ||     1
